 Dungeon Crawl Stone Soup version 0.23.1-44-gbd83930989 (webtiles) character file.

Game seed: 12698494696901656946

718 Peloso the Slasher (level 7, -2/61 HPs)
             Began as a Minotaur Fighter on Mar 31, 2019.
             Slain by an unseen horror (8 damage)
             ... on level 5 of the Dungeon.
             The game lasted 00:07:20 (3271 turns).

Peloso the Slasher (Minotaur Fighter)               Turns: 3271, Time: 00:07:20

Health: -2/61      AC: 14    Str: 21    XL:     7   Next: 42%
Magic:  6/6        EV:  8    Int:  5    God:
Gold:   144        SH: 10    Dex: 13    Spells: 6/6 levels left

rFire    + . .     SeeInvis .   a - +1 falchion (protect)
rCold    . . .     Gourm    .   c - +0 shield
rNeg     . . .     Faith    .   F - +3 scale mail {rF+}
rPois    .         Spirit   .   (helmet restricted)
rElec    .         Reflect  .   (no cloak)
rCorr    .         Harm     .   p - +1 pair of gloves
MR       .....                  C - +0 pair of boots
Stlth    ..........             (no amulet)
HPRegen  0.20/turn              t - +2 ring of dexterity
MPRegen  0.10/turn              (no ring)

@: no status effects
A: retaliatory headbutt, horns 2
a: no special abilities


You were on level 5 of the Dungeon.
You were not hungry.

You visited 1 branch of the dungeon, and saw 5 of its levels.

You collected 270 gold pieces.
You spent 126 gold pieces at shops.

Inventory:

Hand Weapons
 a - a +1 falchion of protection (weapon)
Armour
 b - a +0 scale mail
 c - a +0 shield (worn)
 m - a +0 plate armour
 p - a +1 pair of gloves (worn)
 C - a +0 pair of boots (worn)
 F - a +3 scale mail of fire resistance (worn)
Jewellery
 t - a +2 ring of dexterity (left hand)
Wands
 o - a wand of disintegration (13)
 E - a wand of paralysis (8)
Scrolls
 g - 2 scrolls of remove curse
 i - a scroll of amnesia {unknown}
 k - 2 scrolls of teleportation {unknown}
 n - a scroll of enchant weapon {unknown}
 v - a scroll of random uselessness {unknown}
 x - a scroll of noise {unknown}
 y - 4 scrolls of identify
 D - a scroll of enchant armour {unknown}
Potions
 d - 2 potions of might
 e - 4 potions of agility
 h - 3 potions of berserk rage
 j - 4 potions of curing
 l - a potion of haste
 q - a potion of brilliance
 r - a potion of magic
 s - 2 potions of flight {unknown}
 u - 2 potions of lignification {unknown}
 w - 4 potions of invisibility {unknown}
 z - a potion of mutation {unknown}
 A - a potion of ambrosia {unknown}
Comestibles
 f - 10 rations
 B - a chunk of flesh


   Skills:
 + Level 5.2 Fighting
 + Level 6.6 Long Blades
 + Level 5.7 Armour
 + Level 1.5 Dodging
 + Level 0.1 Stealth
 + Level 5.6 Shields


You had 6 spell levels left.
You didn't know any spells.
Your spell library was empty.

Dungeon Overview and Level Annotations

Branches:
Dungeon (5/15)
 Temple: D:4-7

Altars:
Ashenzari

Shops:
D:5 (

Annotations:
D:3 2 runed translucent doors, Norn's ghost, amateur DrTm


Innate Abilities, Weirdness & Mutations

You reflexively headbutt those who attack you in melee.
You have a pair of horns on your head.


Message History

The electric eel shoots out a bolt of lightning at you!
The bolt of electricity misses you.
The electric eel shoots out a bolt of lightning at you!
The bolt of electricity hits the plant! x2; The bolt of electricity hits you!
The electric eel shoots out a bolt of lightning at you!
The bolt of electricity hits the electric eel.
The electric eel completely resists.
The bolt of electricity hits you. You block something's attack.
The electric eel shoots out a bolt of lightning at you!
The bolt of electricity hits the plant. x2; The bolt of electricity hits you!
* * * LOW HITPOINT WARNING * * *
Something hits you!
* * * LOW HITPOINT WARNING * * *
Something hits you.
* * * LOW HITPOINT WARNING * * *
You block something's attack.
You feel better. Something hits you.
* * * LOW HITPOINT WARNING * * *
Something hits you!
You die...

.###.....###...##.#.#.#####......
###......###....#...#..#.###.....
#................................
.....#...........##########......
..#.#.....#.....##...≈≈≈≈≈##.....
...##..(.#.....##.########≈####..
....#.........##≈##..P≈.≈##)#.#..
........#....###≈#...PP);≈#.#....
...#...###....##@#.....;.≈#.#....
.......##......#.#'..PP.;≈#≈#....
.......##......#..#..≈($≈##≈##...
......###......##≈##########≈##..
..............###≈≈ ..?)≈##≈#..
...##......#....##≈# ..P(≈;#.#..
#..##......####..#.# ..≈.[;#.#..
##.##......###...#.# .P.≈≈;#.#..
.#.....###..#....#.. .≈≈.≈##'#..


There were no monsters in sight!

Vanquished Creatures
  An ice beast (D:3)
  3 ogres
  2 crimson imps (D:5)
  An orc priest (D:5)
  A centaur skeleton (D:4)
  Ijyb (D:5)
  An iguana (D:5)
  A hound skeleton (D:4)
  A worker ant zombie (D:5)
  3 gnolls (D:4)
  3 adders
  A shadow imp (D:5)
  2 oozes
  An adder skeleton (D:5)
  3 dart slugs
  2 leopard geckos (D:4)
  5 orcs
  3 ball pythons
  6 giant cockroaches
  7 goblins
  5 hobgoblins
  8 jackals
  10 kobolds
  8 bats
  2 frilled lizards
  A leopard gecko skeleton (D:5)
  8 rats
90 creatures vanquished.

Notes
Turn   | Place    | Note
-------+----------+-------------------------------------------
     0 | D:1      | Peloso the Minotaur Fighter began the quest for the Orb.
     0 | D:1      | Reached XP level 1. HP: 19/19 MP: 0/0
    46 | D:1      | Reached XP level 2. HP: 24/27 MP: 1/1
   291 | D:1      | Reached XP level 3. HP: 26/33 MP: 2/2
   984 | D:2      | Reached skill level 3 in Long Blades
  1319 | D:3      | Found a runed translucent door.
  1322 | D:3      | Reached XP level 4. HP: 41/41 MP: 3/3
  1325 | D:3      | Noticed Norn's ghost (amateur DrTm)
  1565 | D:3      | Found a runed translucent door.
  1684 | D:3      | Noticed an ice beast
  1691 | D:3      | Killed an ice beast
  1691 | D:3      | Reached skill level 4 in Long Blades
  1691 | D:3      | Reached skill level 1 in Dodging
  1691 | D:3      | Reached XP level 5. HP: 35/47 MP: 4/4
  2068 | D:4      | Noticed an ogre
  2080 | D:4      | Killed an ogre
  2080 | D:4      | Reached skill level 5 in Long Blades
  2080 | D:4      | Reached skill level 5 in Shields
  2080 | D:4      | Reached XP level 6. HP: 44/53 MP: 5/5
  2421 | D:4      | Reached skill level 5 in Armour
  2673 | D:5      | Entered Level 5 of the Dungeon
  2748 | D:5      | Reached skill level 6 in Long Blades
  2780 | D:5      | Found Iwopleat's Antique Weapon Boutique.
  2796 | D:5      | Reached skill level 5 in Fighting
  2796 | D:5      | Reached XP level 7. HP: 57/61 MP: 6/6
  2811 | D:5      | Bought a glowing falchion for 126 gold pieces
  2880 | D:5      | Found a shattered altar of Ashenzari.
  2898 | D:5      | Noticed Ijyb
  2906 | D:5      | Paralysed by Ijyb for 3 turns
  2917 | D:5      | Killed Ijyb
  3269 | D:5      | HP: 3/61 [something (5)]
  3271 | D:5      | Slain by an unseen horror

Skill      XL: |  1  2  3  4  5  6 |
---------------+-------------------+-----
Fighting       | 4 5 |  5.2
Shields        | 4 5 |  5.6
Armour         | 4 5 |  5.7
Long Blades    | 3 4 5 6 |  6.6
Dodging        | 1 |  1.5
Stealth        | |  0.1

Action                   |  1- 3 |  4- 6 |  7- 9 || total
-------------------------+-------+-------+-------++-------
Melee: Long sword        |   106 |    88 |     1 ||   195
       Headbutt          |    19 |    19 |    20 ||    58
       Falchion          |       |       |    48 ||    48
Evoke: Wand              |       |       |     1 ||     1
  Use: Scroll            |       |     6 |     1 ||     7
       Potion            |       |       |     2 ||     2
  Eat: Chunk             |       |     6 |     2 ||     8
Armor: Scale mail        |    65 |       |     9 ||    74
       Chain mail        |     3 |    51 |    15 ||    69
Dodge: Dodged            |    29 |    14 |    18 ||    61
Block: Shield            |    75 |    44 |    29 ||   148
       Rpst.: Long sword |     3 |     2 |       ||     5
       Falchion          |       |       |     1 ||     1
